 Dungeon Crawl Stone Soup version 0.29-a0-1009-g60c99734e7 (webtiles) character file.

Game seed: 9074033129817288735

1359 IdlyInterested the Slasher (level 8, -2/59 (60) HPs)
             Began as a Demonspawn Gladiator on Aug 8, 2022.
             Succumbed to nickcage's ghost's toxic radiance
             ... on level 5 of the Dungeon.
             The game lasted 00:18:34 (5330 turns).

IdlyInterested the Slasher (Demonspawn Gladiator)   Turns: 5330, Time: 00:18:34

HP:   -2/59 (60)    AC: 24    Str: 19    XL:     8   Next: 37%
MP:   1/8           EV:  7    Int:  9    God:
Gold: 152           SH:  4    Dex: 17    Spells: 7/7 levels left

rFire   . . .      SeeInvis .   a - +1 long sword (protect)
rCold   . . .      Faith    .   (no shield)
rNeg    . . .      Spirit   +   y - +3 plate armour of Dogmatism {Fly Str+4 Slay+2}
rPois   .          Reflect  .   c - +0 helmet
rElec   .          Harm     .   s - +0 cloak
rCorr   .          Rampage  .   (no gloves)
Will    .....                   (no boots)
Stlth   ..........              u - amulet of guardian spirit
HPRegen 0.19/turn               (no ring)
MPRegen 0.11/turn               (no ring)

@: lethally poisoned (-2 -> -22), under a protective aura, flying, lightly
drained, invisible
A: yellow scales 1, powered by pain 1, condensation shield, demonic touch 1,
hooves 1, inability to drink while threatened 1
a: no special abilities


You were on level 5 of the Dungeon.
You visited 1 branch of the dungeon, and saw 5 of its levels.

You collected 152 gold pieces.

Inventory:

Hand Weapons
 a - a +1 long sword of protection (weapon)
 x - a +0 rapier
Missiles
 d - 3 throwing nets
 e - a javelin
 f - 5 poisoned darts (quivered)
 A - a boomerang
Armour
 c - a +0 helmet (worn)
 m - an orb of wrath
 s - a +0 cloak (worn)
 y - the +3 plate armour of Dogmatism (worn) {Fly Str+4 Slay+2}
   (You found it on level 2 of the Dungeon)

   Str:       It affects your strength (+4).
   Slay:      It affects your accuracy & damage with ranged weapons and melee
   (+2).
   Fly:       It grants you flight.
Magical Staves
 o - a staff of fire
Jewellery
 n - a ring of fire
 u - an amulet of guardian spirit (around neck)
 D - a ring of flight
Wands
 p - a wand of polymorph (15)
 r - a wand of mindburst (20)
Scrolls
 i - a scroll of enchant weapon
 j - a scroll of poison
 k - a scroll of blinking
 q - a scroll of vulnerability
 C - a scroll of teleportation {unknown}
Potions
 b - 2 potions of mutation
 g - a potion of flight {unknown}
 h - 2 potions of invisibility
 l - a potion of berserk rage {unknown}
 t - 3 potions of ambrosia {unknown}
 v - 3 potions of curing
 w - 2 potions of magic
 z - a potion of cancellation {unknown}
 B - a potion of might {unknown}
 E - a potion of haste {unknown}


   Skills:
 - Level 4.0 Fighting
 - Level 6.0 Long Blades
 - Level 1.7 Throwing
 + Level 5.5 Dodging
 * Level 4.3 Unarmed Combat
 + Level 1.7 Evocations


You had 7 spell levels left.
You didn't know any spells.
Your spell library contained the following spells:

 Spells                   Type           Power      Damage    Failure   Level
 Conjure Flame            Conj/Fire      0%         6-21      100%        3
 Gell's Gravitas          Tloc           0%         N/A       100%        3
 Ignite Poison            Fire/Tmut/Pois 0%         N/A       100%        3
 Lesser Beckoning         Tloc           0%         N/A       100%        3
 Teleport Other           Tloc           0%         N/A       100%        3
 Sticky Flame             Conj/Fire      0%         2d3       100%        4


Dungeon Overview and Level Annotations

Branches:
Dungeon (5/15)
 Temple: D:4-7

Altars:

Shops:
D:3 [   D:4 [   D:5 (:!(

Annotations:
D:5 nickcage's ghost, novice TeVM


Innate Abilities, Weirdness & Mutations

You are partially covered in yellow scales. (AC +2)
You sometimes gain a little power by taking damage.
A meltable shield of frost defends you. (SH +4)
Your touch may inflict minor irresistible damage on your foes.
You have large cloven feet.
You occasionally lose the ability to drink potions when taking damage.


Message History

The stone barely misses you.
You slash nickcage's ghost!
Nickcage's ghost is moderately damaged.
* * * LOW HITPOINT WARNING * * *
You feel very sick.
* * * LOW HITPOINT WARNING * * *
You are more poisoned.
* * * LOW HITPOINT WARNING * * *
You are more poisoned.
The kobold throws a stone.
The stone closely misses the kobold.
The stone barely misses nickcage's ghost.
The stone closely misses you. Nickcage's ghost hits you.
* * * LOW HITPOINT WARNING * * *
You feel much better.
You feel very sick.
* * * LOW HITPOINT WARNING * * *
You are more poisoned.
Nickcage's ghost points at you and mumbles some strange words.
The sting misses you.
You hit nickcage's ghost but do no damage.
You kick nickcage's ghost. You punch nickcage's ghost.
Nickcage's ghost is heavily damaged.
* * * LOW HITPOINT WARNING * * *
You feel very sick.
* * * LOW HITPOINT WARNING * * *
You are more poisoned.
Nickcage's ghost says, "A minor scratch like that one is certainly harmless."
Nickcage's ghost hits you but does no damage.
You hit nickcage's ghost. Your kick misses nickcage's ghost.
You touch nickcage's ghost!
Nickcage's ghost is severely damaged.
* * * LOW HITPOINT WARNING * * *
You feel very sick.
* * * LOW HITPOINT WARNING * * *
You are more poisoned.
Nickcage's ghost's toxic aura wanes.
Nickcage's ghost hits you but does no damage.
You slash nickcage's ghost! Your kick misses nickcage's ghost.
Nickcage's ghost is almost destroyed.
You die...

#####......).#
##)(.##.......#
##.....##.######
#.#...#.#..#
#⌠.#.#.⌠##.#
#.#...#.##.#
###.K...###.#
#.##KK'##.#.#
#.@WKK....#.##
####K.#####..#
##.## ##.# #..#
#..# #.## #.##
#.# #.# #.# #.##
#.# #..# #.#
##.#


You could see nickcage's ghost (unable to see you) and 6 kobolds.

Vanquished Creatures
  Pikel (D:5)
  2 ice beasts
  A black bear (D:5)
  A kobold brigand (D:5)
  A scorpion (D:5)
  A necrophage (D:5)
  3 jellies
  2 hounds (D:5)
  4 iguanas
  Ijyb (D:4)
  5 adders
  3 worms
  A dart slug (D:1)
  10 orcs
  7 ball pythons
  13 bats
  6 endoplasms
  6 giant cockroaches
  6 goblins
  5 hobgoblins
  8 jackals
  10 kobolds
  2 quokkas (D:2)
  3 frilled lizards
  4 rats
106 creatures vanquished.

Notes
Turn   | Place    | Note
-------+----------+-------------------------------------------
     0 | D:1      | IdlyInterested the Demonspawn Gladiator began the quest for
                  | the Orb.
     0 | D:1      | Reached XP level 1. HP: 16/16 MP: 1/1
    71 | D:1      | Reached skill level 3 in Long Blades
   211 | D:1      | Gained mutation: You sometimes gain a little power by
                  | taking damage. [demonic ancestry]
   211 | D:1      | Reached XP level 2. HP: 19/22 MP: 2/2
   752 | D:1      | Gained mutation: A meltable shield of frost defends you.
                  | (SH +4) [demonic ancestry]
   752 | D:1      | Reached XP level 3. HP: 27/27 MP: 3/3
  1471 | D:2      | Reached skill level 4 in Long Blades
  1471 | D:2      | Gained mutation: You are partially covered in yellow
                  | scales. (AC +2) [demonic ancestry]
  1471 | D:2      | Reached XP level 4. HP: 18/33 MP: 4/4
  1632 | D:2      | Identified the +3 plate armour of Dogmatism {Fly Str+4
                  | Slay+2}
  2241 | D:3      | Found a faded altar of an unknown god.
  2416 | D:3      | Found Ceme Qoa's Armour Boutique.
  2894 | D:4      | Noticed an ice beast
  2906 | D:4      | Killed an ice beast
  2907 | D:4      | Reached skill level 5 in Long Blades
  2907 | D:4      | Reached XP level 5. HP: 9/38 MP: 1/5
  3859 | D:4      | Found Ytuirghu's Antique Armour Boutique.
  3933 | D:4      | Gained mutation: Your touch may inflict minor irresistible
                  | damage on your foes. [demonic ancestry]
  3933 | D:4      | Reached XP level 6. HP: 35/44 MP: 4/6
  4004 | D:4      | Noticed Ijyb
  4012 | D:4      | Killed Ijyb
  4318 | D:5      | Entered Level 5 of the Dungeon
  4602 | D:5      | Reached XP level 7. HP: 49/51 MP: 7/7
  4633 | D:5      | Reached skill level 6 in Long Blades
  4743 | D:5      | Noticed Pikel
  4810 | D:5      | Killed Pikel
  4811 | D:5      | Reached skill level 5 in Dodging
  4811 | D:5      | Reached XP level 8. HP: 26/60 MP: 4/8
  5121 | D:5      | Reached skill level 1 in Evocations
  5142 | D:5      | Found Kajall's Distillery.
  5142 | D:5      | Found Vuno's Weapon Shop.
  5172 | D:5      | Found Loghesika's Antique Weapon Shop.
  5175 | D:5      | Found Doppupte's Book Shop.
  5291 | D:5      | Gained mutation: You occasionally lose the ability to drink
                  | potions when taking damage. [potion of mutation]
  5291 | D:5      | Gained mutation: You have large cloven feet. [potion of
                  | mutation]
  5293 | D:5      | Found a runed translucent gate.
  5293 | D:5      | Found a runed translucent gate.
  5293 | D:5      | Found a runed translucent gate.
  5295 | D:5      | Noticed nickcage's ghost (novice TeVM)
  5330 | D:5      | Succumbed to nickcage's ghost's toxic radiance

Illustrated notes

Levels and vault maps discovered:
D:1:      lemuel_arrival_tunnels, layout_loops_ring
D:2:      layout_basic
D:3:      layout_loops_cross, serial_shops, nicolae_square_shop,
          shapermc_ecumenical_altar_pompeii
D:4:      layout_basic, serial_shops, shop, uniq_ijyb
D:5:      layout_rooms, gammafunk_ghost_nasty_kobolds,
          chequers_serial_rivers_micro_e, minmay_shop_grid_forest,
          chequers_serial_rivers_micro_c, grunt_decor_mini_mirrors, uniq_pikel

Skill      XL: |  1  2  3  4  5  6  7  8 |
---------------+-------------------------+-----
Long Blades    | 3 4 5 6 |  6.0
Dodging        | 3 4 5 |  5.5
Fighting       | 4 |  4.0
Unarmed Combat | 3 4 |  4.3
Evocations     | 1 |  1.7
Throwing       | |  1.7

Action                   |  1- 3 |  4- 6 |  7- 9 || total
-------------------------+-------+-------+-------++-------
Melee: Long sword        |   155 |   153 |    51 ||   359
       Punch             |     1 |     4 |     4 ||     9
       Touch             |       |     6 |    15 ||    21
       Kick              |       |       |     3 ||     3
Throw: Dart              |       |     2 |     2 ||     4
Evoke: Wand              |       |     6 |       ||     6
  Use: Scroll            |       |    11 |     2 ||    13
       Potion            |       |       |     3 ||     3
 Stab: Sleeping          |     2 |       |       ||     2
       Invisible         |       |       |     1 ||     1
Armor: Leather armour    |    45 |       |       ||    45
       Chain mail        |    14 |     8 |       ||    22
       Plate armour      |       |    95 |    86 ||   181
Dodge: Dodged            |   110 |    41 |    24 ||   175
Block: Other             |    18 |    26 |    15 ||    59

Table legend: (Time is in decaauts)
 A = Elapsed time spent in this place.
 B = Non-inter-level travel time spent in this place.
 C = Inter-level travel time spent in this place.
 D = Time resting spent in this place.
 E = Time spent auto-exploring this place.
 F = Levels seen in this place.
 G = Mean time per level.
                   A        B        C        D        E       F      G
               +--------+--------+--------+--------+--------+-----+--------+
         Total |   5395 |   4958 |    437 |   1286 |   2479 |   5 | 1079.0 |
       Dungeon |   5395 |   4958 |    437 |   1286 |   2479 |   5 | 1079.0 |
               +--------+--------+--------+--------+--------+-----+--------+

Top non-repeatable levels by time:
     D:4: 1568 daAuts
     D:1: 1485 daAuts
     D:5: 955 daAuts
     D:3: 941 daAuts
     D:2: 445 daAuts
